 Dungeon Crawl Stone Soup version 0.29.1-debian-4-g95531337e3 (webtiles) character file.

Game seed: 847144806622201251

26279 Ic0nGaming the Unseen (level 12, -1/69 HPs)
             Began as a Spriggan Warper on Sept 12, 2022.
             Was an Initiate of Gozag.
             Slain by an anaconda (10 damage)
             ... on level 3 of the Lair of Beasts.
             The game lasted 01:12:09 (22988 turns).

Ic0nGaming the Unseen (Spriggan Warper)            Turns: 22988, Time: 01:12:09

Health: -1/69      AC:  6    Str: 11    XL:     12   Next: 96%
Magic:  17/17      EV: 17    Int: 19    God:    Gozag
Gold:   2706       SH:  5    Dex: 15    Spells: 8/16 levels left

rFire   x . .      SeeInvis +   b - +5 dagger of Luxury {elec, rF- rN++ Str+4}
rCold   . . .      Faith    .   (no shield)
rNeg    + + .      Spirit   .   x - +0 robe
rPois   +          Reflect  +   (helmet restricted)
rElec   .          Harm     .   s - scarf {repulsion}
rCorr   .          Rampage  .   (gloves unavailable)
Will    ++...                   (boots unavailable)
Stlth   +++++++...              m - amulet of reflection
HPRegen 0.21/turn               H - +4 ring of protection
MPRegen 0.15/turn               t - ring of poison resistance

@: mighty, constricted, repel missiles, very quick
A: very small, no large weapons, unfitting armour, see invisible, speed 3
a: Renounce Religion, Potion Petition, Call Merchant, Bribe Branch


You were on level 3 of the Lair of Beasts.
You worshipped Gozag.
Gozag was most pleased with you.
You visited 3 branches of the dungeon, and saw 15 of its levels.
You also visited: Ice Cave.

You collected 3067 gold pieces.
You spent 294 gold pieces at shops.
You paid 67 gold pieces to Gozag.

Inventory:

Hand Weapons
 a - a +3 vampiric short sword
 b - the +5 dagger of Luxury (weapon) {elec, rF- rN++ Str+4}
   (You found it on level 5 of the Dungeon)

   It occasionally discharges a powerful burst of electricity upon striking a
   foe.
   Str:       It affects your strength (+4).
   rF:        It makes you vulnerable to fire.
   rN:        It greatly protects you from negative energy.
 y - a +0 rapier
Missiles
 d - 5 boomerangs of dispersal
 e - 19 boomerangs
 B - 2 curare-tipped darts
 E - a throwing net
 J - 22 poisoned darts (quivered)
Armour
 s - a scarf of repulsion (worn)
 x - a +0 robe (worn)
Jewellery
 f - a ring of willpower
 i - a +4 ring of evasion
 l - a ring of flight
 m - an amulet of reflection (around neck)
 t - a ring of poison resistance (right hand)
 F - a ring of protection from cold
 H - a +4 ring of protection (left hand)
 P - a ring of resist corrosion
Wands
 h - a wand of acid (8)
 D - a wand of charming (23)
 K - a wand of digging (3)
 O - a wand of flame (20)
Scrolls
 c - 4 scrolls of blinking
 g - 2 scrolls of poison
 k - 2 scrolls of summoning
 o - 4 scrolls of enchant armour
 v - 2 scrolls of fear
 C - a scroll of enchant weapon
 G - 8 scrolls of teleportation
 L - a scroll of fog
 M - 2 scrolls of identify
Potions
 j - 9 potions of curing
 n - 3 potions of flight
 p - a potion of might
 q - a potion of invisibility
 r - 3 potions of mutation
 u - 3 potions of resistance
 w - 4 potions of lignification
 z - 3 potions of ambrosia
 A - 2 potions of haste
 I - 3 potions of heal wounds
 N - 2 potions of brilliance


   Skills:
 + Level 10.9 Fighting
 - Level 10.0 Short Blades
 - Level 6.0 Throwing
 - Level 7.2 Dodging
 + Level 20.2 Stealth
 - Level 2.6 Spellcasting
 - Level 4.4 Translocations
 * Level 3.9 Evocations


You had 8 spell levels left.
You knew the following spells:

 Your Spells              Type           Power      Damage    Failure   Level
a - Blink                 Tloc           38%        N/A       4%          2
b - Gell's Gravitas       Tloc           19%        N/A       8%          3
c - Lesser Beckoning      Tloc           19%        N/A       8%          3

Your spell library contained the following spells:

 Spells                   Type           Power      Damage    Failure   Level
 Teleport Other           Tloc           19%        N/A       8%          3
 Magic Dart               Conj           8%         1d3       16%         1
 Necrotise                Necr           8%         1d4       16%         1
 Call Imp                 Summ           2%         N/A       24%         2
 Manifold Assault         Tloc           19%        N/A       26%         4
 Ignite Poison            Fire/Tmut/Pois 2%         N/A       43%         3
 Inner Flame              Hex/Fire       2%         N/A       43%         3
 Mephitic Cloud           Conj/Pois/Air  2%         N/A       43%         3
 Vampiric Draining        Necr           2%         2d6       43%         3
 Airstrike                Air            1%         2d(1-17)  83%         4
 Cause Fear               Hex            1%         N/A       83%         4
 Sticky Flame             Conj/Fire      2%         2d3       83%         4
 Summon Lightning Spire   Summ/Air       2%         N/A       83%         4
 Agony                    Necr           2%         N/A       99%         5
 Lightning Bolt           Conj/Air       1%         1d12      99%         5
 Discord                  Hex            1%         N/A       100%        8


Dungeon Overview and Level Annotations

Branches:
Dungeon (11/15)            Temple (1/1) D:6            Lair (3/5) D:11
 Spider (0/4) Lair:2          Orc (0/2) D:10          IceCv (visited)
  Swamp: Lair:2-3    Shoals: Lair:2-3

Altars:
Ashenzari
Gozag
Hepliaklqana
Qazlal
Sif Muna
Trog
Wu Jian
Xom
Yredelemnul
Zin

Shops:
D:8 !

Annotations:
D:3 1 runed translucent door, Crazy Yiuf
D:7 Joseph
D:10 1 runed translucent door, CannotBeFrozen's ghost, novice DgGl


Innate Abilities, Weirdness & Mutations

You are very small and have problems with some larger weapons.
You are too small for most types of armour.
You have supernaturally acute eyesight. (SInv)
You cover ground extremely quickly. (Speed+++)


Message History

You skewer the black bear like a kebab!!!
You kill the black bear!
You start resting.
HP restored.
You start waiting.
An alligator comes into view.
A komodo dragon comes into view.
Okay, then.
The komodo dragon hisses angrily.
You see here a +0 arbalest.
You see here a +0 scale mail.
The anaconda hisses angrily.
You hit the anaconda.
Lightning courses through the anaconda!!
The anaconda is moderately wounded.
The anaconda grabs you. The anaconda bites you! The anaconda constricts you.
You barely miss the anaconda.
The anaconda is moderately wounded.
The anaconda bites you. The anaconda constricts you.
You feel very mighty all of a sudden. The anaconda bites you!
The anaconda constricts you.
You puncture the anaconda!
The anaconda is heavily wounded.
You block the anaconda's attack. The anaconda constricts you.
You miss the anaconda.
The anaconda is heavily wounded.
The anaconda bites you. The anaconda constricts you.
* * * LOW HITPOINT WARNING * * *
The anaconda's grasp on you weakens, but your attempt to escape fails.
The anaconda misses you. The anaconda constricts you.
* * * LOW HITPOINT WARNING * * *
The anaconda bites you!
* * * LOW HITPOINT WARNING * * *
The anaconda constricts you.
* * * LOW HITPOINT WARNING * * *
The komodo dragon completely misses you.
The anaconda's grasp on you weakens, but your attempt to escape fails.
The anaconda bites you!
You die...
Your body crumbles into a pile of gold.

# #.....#......##...+.+ #
#...PP#......##.....
##.!....#......##...#
.##..[...#.##.#.#...##
P#.....###..###.P[...#
###..................# #
###...(.............###.####
................S...........
...............l@...........
..t.........t..............
...#.≈~....#)#.............
#.≈≈~...P######...###.#..
#≈≈≈≈......# ##### # .
#≈≈≈.......# ## #≈≈.l.....##
.###≈~$$###### ..##≈≈$..$#


You could see an alligator, an anaconda and a komodo dragon.

Vanquished Creatures
  2 hydras
  4 two-headed ogres
  Amaemon (Lair:2)
  Pikel (D:6)
  3 oklob plants (D:11)
  An ugly thing (D:11)
  4 elephants (Lair:2)
  3 black mambas (Lair:3)
  Maurice (D:8)
  6 cane toads
  An orange demon (Lair:2)
  2 rime drakes
  3 unseen horrors
  4 komodo dragons
  5 trolls
  4 blink frogs (Lair:1)
  A jumping spider (Lair:2)
  A shadow (D:11)
  3 wraiths
  21 yaks
  A redback (Lair:2)
  6 wyverns
  4 vampire mosquitoes (D:11)
  Grum (D:8)
  A steam dragon (D:8)
  A warg (D:10)
  2 acid dragons
  4 water moccasins
  10 orc warriors
  3 ice beasts
  2 sky beasts
  4 black bears
  2 ogres
  2 wolves (D:8)
  3 centaurs
  4 lemures (D:6)
  4 kobold brigands
  A phantom (D:5)
  9 bullfrogs
  7 scorpions
  A necrophage (D:6)
  3 wights (D:7)
  11 killer bees
  5 hounds
  2 jellies
  8 orc priests
  3 iguanas
  7 orc wizards
  A hell rat (Lair:2)
  10 adders
  6 river rats (Lair:2)
  A shadow imp (D:7)
  3 white imps
  An ufetubus (D:4)
  A worm (D:3)
  2 dart slugs
  39 orcs
  5 ball pythons
  7 endoplasms
  3 giant cockroaches
  4 goblins
  10 hobgoblins
  2 quokkas
  8 bats
  6 frilled lizards
  22 kobolds
  3 rats
316 creatures vanquished.

Vanquished Creatures (others)
  11 fungi
  16 plants
27 creatures vanquished.

Grand Total: 343 creatures vanquished

Notes
Turn   | Place    | Note
-------+----------+-------------------------------------------
     0 | D:1      | Ic0nGaming the Spriggan Warper began the quest for the Orb.
     0 | D:1      | Reached XP level 1. HP: 10/10 MP: 5/5
   426 | D:1      | Reached skill level 1 in Stealth
   533 | D:1      | Reached XP level 2. HP: 11/15 MP: 6/6
  1090 | D:1      | Reached skill level 2 in Stealth
  1543 | D:1      | Reached XP level 3. HP: 13/18 MP: 8/8
  1694 | D:1      | Found a faded altar of an unknown god.
  1977 | D:2      | Learned a level 2 spell: Blink
  1982 | D:2      | Learned a level 3 spell: Gell's Gravitas
  2213 | D:2      | Reached skill level 3 in Stealth
  2525 | D:2      | Reached XP level 4. HP: 23/23 MP: 9/9
  3584 | D:3      | Identified the amulet of the Cast Vote {Reflect -Cast rN++
                  | SH+5}
  3602 | D:3      | Found a runed translucent door.
  3603 | D:3      | Noticed Crazy Yiuf
  3776 | D:3      | Reached skill level 4 in Stealth
  3820 | D:3      | Noticed a scorpion
  3852 | D:3      | Killed a scorpion
  3853 | D:3      | Reached XP level 5. HP: 27/27 MP: 10/10
  4187 | D:4      | Noticed an ice beast
  4194 | D:4      | Found a shimmering altar of Xom.
  4238 | D:4      | Reached skill level 5 in Stealth
  5008 | D:4      | Killed an ice beast
  5009 | D:4      | Reached skill level 6 in Stealth
  5009 | D:4      | Reached XP level 6. HP: 30/32 MP: 11/11
  5027 | D:5      | Entered Level 5 of the Dungeon
  5305 | D:5      | Reached skill level 7 in Stealth
  5344 | D:5      | Found an opulent altar of Gozag.
  5352 | D:5      | Became a worshipper of Gozag Ym Sagoz the Greedy
  5433 | D:5      | Reached XP level 7. HP: 26/36 MP: 12/12
  5542 | D:5      | Reached skill level 8 in Stealth
  5824 | D:5      | Reached skill level 5 in Short Blades
  5941 | D:5      | Found an ornate altar of the Wu Jian Council.
  5990 | D:5      | Identified the +5 dagger of Luxury {elec, rF- rN++ Str+4}
  6373 | D:6      | Learned a level 3 spell: Lesser Beckoning
  6459 | D:6      | Found a broken altar of Ashenzari.
  6461 | D:6      | Reached skill level 9 in Stealth
  6742 | D:6      | Reached XP level 8. HP: 42/42 MP: 13/13
  6947 | D:6      | Found a staircase to the Ecumenical Temple.
  6952 | Temple   | Entered the Ecumenical Temple
  7033 | D:6      | Noticed Pikel
  7907 | D:6      | Reached skill level 10 in Stealth
  8167 | D:6      | Killed Pikel
  8168 | D:6      | Reached skill level 5 in Fighting
  9040 | D:7      | Reached XP level 9. HP: 47/47 MP: 14/14
  9084 | D:7      | Reached skill level 11 in Stealth
  9303 | D:7      | Found a hazy altar of Hepliaklqana.
 10059 | D:7      | Noticed Joseph
 10586 | D:8      | Noticed Maurice
 10601 | D:8      | Killed Maurice
 10602 | D:8      | Reached skill level 12 in Stealth
 10764 | D:8      | Reached skill level 10 in Short Blades
 11269 | D:8      | Noticed Grum
 11273 | D:8      | Killed Grum
 11274 | D:8      | Reached XP level 10. HP: 53/53 MP: 15/15
 11873 | D:8      | Reached skill level 5 in Dodging
 11873 | D:8      | Reached skill level 13 in Stealth
 11998 | D:8      | Found Kuterocimm's Distillery.
 12007 | D:8      | Bought a potion of haste for 140 gold pieces
 12007 | D:8      | Bought a potion of curing for 42 gold pieces
 12007 | D:8      | Bought a potion of flight for 42 gold pieces
 12007 | D:8      | Bought a potion of heal wounds for 70 gold pieces
 12012 | D:8      | Found a bloodstained altar of Trog.
 13433 | D:9      | Reached skill level 14 in Stealth
 13595 | D:9      | Reached skill level 5 in Throwing
 14250 | D:9      | Noticed a two-headed ogre
 14256 | D:9      | Killed a two-headed ogre
 14257 | D:9      | Reached XP level 11. HP: 58/58 MP: 16/16
 14393 | D:10     | Entered Level 10 of the Dungeon
 14423 | D:10     | Noticed a two-headed ogre
 14898 | D:10     | Noticed a two-headed ogre
 14998 | D:10     | Killed a two-headed ogre
 14999 | D:10     | Reached skill level 15 in Stealth
 15303 | D:10     | Killed a two-headed ogre
 15452 | D:10     | Found a basalt altar of Yredelemnul.
 15509 | D:10     | Found a staircase to the Orcish Mines.
 15599 | D:10     | Found a runed translucent door.
 15599 | D:10     | Noticed CannotBeFrozen's ghost (novice DgGl)
 15769 | D:10     | Reached skill level 16 in Stealth
 16252 | D:11     | Noticed an oklob plant
 16253 | D:11     | Found a staircase to the Lair.
 16255 | D:11     | Noticed an oklob plant
 16255 | D:11     | Noticed an oklob plant
 16270 | D:11     | Killed an oklob plant
 16282 | D:11     | Killed an oklob plant
 16291 | D:11     | Killed an oklob plant
 16591 | D:11     | Reached skill level 17 in Stealth
 16742 | D:11     | Identified the +3 scimitar "Sank" {vorpal, Fly rC+ Int+2}
 16750 | D:11     | Noticed a two-headed ogre
 16753 | D:11     | Killed a two-headed ogre
 16847 | D:11     | Noticed a purple ugly thing
 16932 | D:11     | Killed a purple ugly thing
 17174 | D:11     | Reached XP level 12. HP: 54/67 MP: 17/17
 18124 | Lair:1   | Entered Level 1 of the Lair of Beasts
 18173 | Lair:1   | Reached skill level 18 in Stealth
 18300 | Lair:1   | Reached skill level 10 in Fighting
 19713 | Lair:2   | Found a frozen archway.
 19722 | IceCv    | Entered an ice cave
 20131 | Lair:2   | Found a hole to the Spider Nest.
 20356 | Lair:2   | Noticed a four-headed hydra
 20363 | Lair:2   | Killed a four-headed hydra
 20444 | Lair:2   | Noticed Amaemon
 20469 | Lair:2   | Killed Amaemon
 20470 | Lair:2   | Reached skill level 19 in Stealth
 22382 | Lair:3   | Noticed a seven-headed hydra
 22384 | Lair:3   | Killed a seven-headed hydra
 22385 | Lair:3   | Reached skill level 20 in Stealth
 22421 | Lair:3   | Reached skill level 1 in Evocations
 22915 | Lair:3   | Noticed an anaconda
 22961 | Lair:3   | Noticed an alligator
 22988 | Lair:3   | Slain by an anaconda

Illustrated notes

Levels and vault maps discovered:
D:1:      dpeg_arrival_line_fractal, layout_rooms,
          shapermc_ecumenical_altar_petra
D:2:      layout_basic, minmay_split_cup_small
D:3:      layout_basic, serial_park_tiny_pond, supply_closet_lemuel,
          minmay_fountain_box, uniq_crazy_yiuf_cottage
D:4:      layout_rooms, xom_teletrap_fun
D:5:      layout_gridville, nicolae_wu_jian_glorious_leap,
          lemuel_coloured_pillars_altar
D:6:      layout_basic, ashenzari_conservatory_becter,
          minmay_temple_entry_nine_rooms, chequers_serial_rivers_marsh,
          hangedman_glass_teeth, uniq_pikel
D:7:      layout_loops_ring, mainiacjoe_overflow_surrounded_room, uniq_joseph
D:8:      layout_loops_corners, trog_butcher_becter, serial_shops,
          nicolae_shop_hallway_plus, minmay_misc_feat_tower, minivault_10,
          kennysheep_generic_room_3, uniq_grum, uniq_maurice
D:9:      layout_loops_ring, bh_walls_and_bars
D:10:     layout_rooms, mainiacjoe_overflow_alcove_1, david_orc_3,
          ebering_ghost_inner_flame
D:11:     layout_loops_corners, dpeg_oklobed_lair, special_room
          [special_room_orc], kennysheep_diamond
Temple:   eino_wide_crystal_templ
Lair:1:   layout_small_grid
Lair:2:   layout_chaotic_city, spider_nest_entry_a,
          portal_ice_cave_entry_pillars_2, kennysheep_rathole, uniq_amaemon
Lair:3:   layout_regular_city, swamp_mist, nicolae_lair_lakeside_cave

Skill      XL: |  1  2  3  4  5  6  7  8  9 10 11 12 |
---------------+-------------------------------------+-----
Stealth        | 1 2 3 4 6 7 9 10 12 14 17 20 | 20.2
Fighting       | 2 3 4 5 6 7 9 10 | 10.9
Short Blades   | 3 4 6 8 10 | 10.0
Dodging        | 4 5 7 |  7.2
Throwing       | 5 6 |  6.0
Evocations     | 3 |  3.9
Spellcasting   | |  2.6
Translocations | |  4.4

Action                   |  1- 3 |  4- 6 |  7- 9 | 10-12 || total
-------------------------+-------+-------+-------+-------++-------
Melee: Short sword       |   180 |   169 |   214 |    80 ||   643
       Punch             |     1 |     1 |     5 |    13 ||    20
       Dagger            |       |       |   157 |   687 ||   844
Throw: Dart              |     2 |     6 |    24 |   100 ||   132
       Boomerang         |     1 |       |     1 |       ||     2
 Cast: Blink             |       |       |     7 |       ||     7
Evoke: Wand              |       |       |     1 |       ||     1
  Use: Scroll            |       |    10 |     6 |     9 ||    25
       Potion            |       |       |     3 |     5 ||     8
 Stab: Sleeping          |     2 |     6 |    12 |    34 ||    54
       Distracted        |       |       |     7 |     8 ||    15
       Invisible         |       |       |       |     6 ||     6
Armor: Robe              |     9 |     8 |     9 |    28 ||    54
Dodge: Dodged            |   125 |    95 |   141 |   262 ||   623
Block: Other             |       |    15 |    37 |    85 ||   137
       Reflection        |       |     1 |       |     4 ||     5
